 Dungeon Crawl Stone Soup version 0.22.1-2-g9c5b331 (webtiles) character file.

8470 empire the Carver (level 11, -4/84 HPs)
             Began as a Minotaur Fighter on Nov 20, 2018.
             Was a Priest of Jiyva.
             Killed from afar by a gargoyle (15 damage)
             ... with a stone arrow
             ... on level 11 of the Dungeon.
             The game lasted 00:19:33 (7611 turns).

empire the Carver (Minotaur Fighter)                Turns: 7611, Time: 00:19:34

Health: -4/84      AC: 17    Str: 23    XL:     11   Next: 10%
Magic:  10/10      EV:  9    Int:  6    God:    Jiyva [***...]
Gold:   20         SH:  9    Dex: 10    Spells: 10/10 levels left

rFire    . . .     SeeInvis +   a - +6 long sword
rCold    . . .     Gourm    .   c - +0 shield
rNeg     . . .     Faith    .   m - +0 plate armour
rPois    .         Spirit   .   C - +0 hat
rElec    .         Reflect  .   v - +0 cloak
rCorr    +         Harm     .   b - +0 pair of gloves
MR       .....                  k - +0 pair of boots
Stlth    ..........             l - amulet of regeneration
HPRegen  0.64/turn              w - ring of see invisible
MPRegen  0.12/turn              (no ring)

@: no status effects
A: retaliatory headbutt, horns 2
a: Request Jelly, Renounce Religion


You were on level 11 of the Dungeon.
You worshipped Jiyva.
Jiyva was most pleased with you.
You were not hungry.

You visited 2 branches of the dungeon, and saw 12 of its levels.
You also visited: Sewer.

You collected 438 gold pieces.
You spent 418 gold pieces at shops.

Inventory:

Hand Weapons
 a - a +6 long sword (weapon)
Armour
 b - a +0 pair of gloves (worn)
 c - a +0 shield (worn)
 k - a +0 pair of boots (worn)
 m - a +0 plate armour (worn)
 v - a +0 cloak (worn)
 C - a +0 hat (worn)
 K - a +0 crystal plate armour
Jewellery
 l - an amulet of regeneration (around neck)
 n - an uncursed ring of fire
 o - an uncursed ring of positive energy
 q - an uncursed amulet of harm
 s - an uncursed amulet of the gourmand
 w - a ring of see invisible (left hand)
 G - an uncursed ring of positive energy
 L - an uncursed amulet of the acrobat
 N - an uncursed ring of wizardry {unknown}
 S - an uncursed ring of positive energy
Wands
 t - a wand of enslavement (14)
 x - a wand of iceblast (7)
 E - a wand of disintegration (18)
 F - a wand of flame (47)
 O - a wand of acid (5)
 U - a wand of clouds (4)
 W - a wand of polymorph (19)
Scrolls
 e - 3 scrolls of teleportation {unknown}
 g - a scroll of amnesia {unknown}
 i - 3 scrolls of fear {unknown}
 u - 5 scrolls of remove curse
 A - a scroll of brand weapon {unknown}
 D - a scroll of blinking {unknown}
 H - a scroll of enchant armour {unknown}
 P - 2 scrolls of holy word {unknown}
 R - a scroll of identify
 V - a scroll of fog
 Y - a scroll of vulnerability
Potions
 d - 2 potions of might
 h - 3 potions of haste
 j - 2 potions of flight
 p - 2 potions of heal wounds
 r - a potion of degeneration {unknown}
 z - a potion of mutation
 B - 2 potions of invisibility
 I - a potion of ambrosia
 J - a potion of lignification
 M - 8 potions of curing
 X - a potion of berserk rage
Comestibles
 f - 15 rations
 Q - 4 chunks of flesh


   Skills:
 - Level 4.0 Fighting
 - Level 14.0 Long Blades
 + Level 7.0 Armour
 * Level 11.9 Dodging
 - Level 4.0 Shields


You had 10 spell levels left.
You didn't know any spells.
Your spell library contained the following spells:

 Spells                   Type           Power        Failure   Level  Hunger
 Corona                   Hex            #......      100%        1    ##.....
 Sandblast                Erth           #.....       100%        1    ##.....
 Ensorcelled Hibernation  Hex/Ice        #.....       100%        2    ###....
 Passwall                 Tmut/Erth      #.......     100%        2    ###....
 Confuse                  Hex            #.......     100%        3    ####...
 Dazzling Spray           Conj/Hex       #.....       100%        3    ####...
 Stone Arrow              Conj/Erth      #.....       100%        3    ####...
 Tukima's Dance           Hex            #.......     100%        3    ####...
 Petrify                  Tmut/Erth      #.......     100%        4    #####..
 Lee's Rapid Deconstruct  Erth           #.........   100%        5    ######.


Dungeon Overview and Level Annotations

Branches:
Dungeon (11/15)            Temple (1/1) D:7            Lair (0/6) D:11
    Orc (0/2) D:10

Altars:
Ashenzari
Cheibriados
Dithmenos
Elyvilon
Fedhas
Gozag
Hepliaklqana
Kikubaaqudgha
Makhleb
Nemelex Xobeh
Okawaru
Qazlal
Ru
Sif Muna
Trog
Uskayaw
Vehumet
Wu Jian
Xom
Yredelemnul
Zin
The Shining One
Jiyva

Shops:
D:8 =   D:9 *[(*:

Annotations:
D:8 3 runed doors, MordorOrchid's ghost, novice CeHu


Innate Abilities, Weirdness & Mutations

You reflexively headbutt those who attack you in melee.
You have a pair of horns on your head.


Message History

The komodo dragon bites you!!
* * * LOW HITPOINT WARNING * * *
You slash the komodo dragon!
You kill the komodo dragon!
Your Armour skill increases to level 7!
Found 14 gold pieces.
You see here a komodo dragon corpse.
You butcher the komodo dragon corpse.
Q - 4 chunks of flesh (gained 3)
There are no items here.
Found 22 stones and a long sword.
Found a stone staircase leading up.
A jelly comes into view.
The jelly trembles before you.
A gargoyle comes into view. It is wielding a mace.
Found a stone staircase leading down.
You hear a slurping noise.
You feel a little less hungry.
The gargoyle hurls a stone arrow at you.
The stone arrow hits you!
You die...

*,* ##...## *..#***,,*,,,, **,**
##...###..#*,,,*,,,,, ***,,,***
##...#.).#*.,,≈,,,≈* *≈*,,,*,*
##).....#..,,,*,,,, ***,,,****
##........P,,,,,,, ,,,,,,,,,*
##.......##**,,,,* ,,,,_,,,,*
#......###,,,,,,,, ,,,,,,,,,*
##........#,,,,,,,, ***,,,****
*#.@.......#*,,,,_,,
*≈*,,,*,*****#........#.#*,,,,,,,
***,,,****,..$........≈.P,**,,,**
**,,,,,,................,,**,,,,
*,,,,,,,........J9).....,,*,,,,,
*,,*,,,,..........>.....,,******
*,***,,,...............*,,,,≈,,,
*,**,,,*##...###.......,*,≈,,*,,
*,**,,** *,,** **,,,**,,********


You could see a gargoyle and a neutral jelly (fellow slime).

Vanquished Creatures
  3 two-headed ogres
  Pikel (D:7)
  A centaur skeleton (D:11)
  A komodo dragon (D:11)
  A troll (D:10)
  A hornet (D:9)
  A hippogriff (D:9)
  A shadow (D:10)
  A wraith (D:10)
  4 hogs (D:9)
  A human (D:9)
  3 wargs (D:10)
  Edmund (D:4)
  A sky beast (D:8)
  3 ice beasts
  4 slaves (D:7)
  A black bear (D:7)
  7 ogres
  2 orc warriors (D:9)
  A phantom (D:7)
  2 centaurs
  2 big kobolds
  A scorpion (D:7)
  3 killer bees (D:10)
  5 wights (D:7)
  6 crimson imps
  A centaur zombie (D:8)
  A quasit (D:9)
  A bullfrog zombie (D:5)
  Crazy Yiuf (D:3)
  An orc priest (D:5)
  2 bullfrog skeletons
  8 hounds
  3 jellies
  5 orc wizards
  Ijyb (D:4)
  Natasha (twice) (D:4)
  4 iguanas
  9 worker ants
  A hound zombie (D:4)
  Robin (D:4)
  4 gnolls (D:3)
  A howler monkey skeleton (D:7)
  4 river rats
  10 adders
  2 shadow imps
  An ooze (D:4)
  An adder skeleton (D:4)
  4 worms
  A dart slug (D:1)
  2 leopard geckos
  31 orcs
  5 bats
  4 giant cockroaches
  6 hobgoblins
  11 jackals
  3 quokkas
  A ball python (D:3)
  4 frilled lizards
  14 goblins
  12 kobolds
  A leopard gecko skeleton (D:2)
  13 rats
234 creatures vanquished.

Vanquished Creatures (others)
  A sky beast (D:9)
  2 centaurs
  A bullfrog (D:8)
  3 wights (D:8)
  9 jellies
  A centaur zombie (D:8)
  An orc priest (D:8)
  An orc wizard (D:8)
  A mummy (D:9)
  A worker ant zombie (D:10)
  An adder (D:8)
  An adder skeleton (D:8)
  An orc (D:8)
  2 goblins (D:9)
  A quokka (D:8)
  A demonic plant (D:11)
  A plant (D:8)
29 creatures vanquished.

Grand Total: 263 creatures vanquished

Notes
Turn   | Place    | Note
-------+----------+-------------------------------------------
     0 | D:1      | empire the Minotaur Fighter began the quest for the Orb.
     0 | D:1      | Reached XP level 1. HP: 19/19 MP: 0/0
   216 | D:1      | Reached XP level 2. HP: 27/27 MP: 1/1
   257 | D:1      | Reached skill level 3 in Long Blades
   825 | D:2      | Found an ornate altar of the Wu Jian Council.
   934 | D:2      | Found a bloodstained altar of Trog.
  1064 | D:2      | Reached XP level 3. HP: 33/33 MP: 2/2
  1593 | D:3      | Reached skill level 4 in Long Blades
  1593 | D:3      | Reached XP level 4. HP: 36/40 MP: 3/3
  1631 | D:3      | Found a glowing drain.
  1635 | Sewer    | Entered a sewer
  1702 | Sewer    | Noticed a big kobold
  1731 | Sewer    | Killed a big kobold
  1731 | Sewer    | Reached skill level 5 in Long Blades
  1731 | Sewer    | Reached skill level 5 in Armour
  1731 | Sewer    | Reached XP level 5. HP: 39/46 MP: 4/4
  1743 | Sewer    | Found a white marble altar of Elyvilon.
  2388 | D:3      | Found a runed door.
  2620 | D:3      | Noticed Crazy Yiuf
  2628 | D:3      | Killed Crazy Yiuf
  2628 | D:3      | Reached XP level 6. HP: 42/52 MP: 5/5
  2738 | D:4      | Reached skill level 6 in Long Blades
  2828 | D:4      | Reached skill level 7 in Long Blades
  2832 | D:4      | Reached XP level 7. HP: 59/59 MP: 6/6
  2842 | D:4      | Reached skill level 8 in Long Blades
  2870 | D:4      | Noticed Ijyb
  2878 | D:4      | Killed Ijyb
  2985 | D:4      | Noticed Edmund
  3000 | D:4      | Killed Edmund
  3000 | D:4      | Reached skill level 9 in Long Blades
  3055 | D:4      | Noticed Robin
  3078 | D:4      | Killed Robin
  3147 | D:4      | Noticed Natasha
  3154 | D:4      | Killed Natasha
  3227 | D:4      | Noticed Natasha
  3238 | D:4      | Killed Natasha
  3457 | D:5      | Entered Level 5 of the Dungeon
  3559 | D:5      | Reached skill level 10 in Long Blades
  3559 | D:5      | Reached XP level 8. HP: 64/66 MP: 7/7
  3857 | D:5      | Found an opulent altar of Gozag.
  4079 | D:5      | Reached skill level 11 in Long Blades
  4086 | D:5      | Found a hazy altar of Hepliaklqana.
  4494 | D:6      | Found an iron altar of Okawaru.
  4901 | D:6      | Found a glowing silver altar of Zin.
  5046 | D:7      | Reached skill level 12 in Long Blades
  5147 | D:7      | Reached XP level 9. HP: 62/71 MP: 8/8
  5209 | D:7      | Reached skill level 13 in Long Blades
  5276 | D:7      | Noticed Pikel
  5316 | D:7      | Killed Pikel
  5316 | D:7      | Reached skill level 14 in Long Blades
  5354 | D:7      | Reached skill level 1 in Dodging
  5382 | D:7      | Found a staircase to the Ecumenical Temple.
  5563 | Temple   | Entered the Ecumenical Temple
  5693 | Temple   | Became a worshipper of Jiyva Jokk the Shapeless
  5911 | D:8      | Noticed MordorOrchid's ghost (novice CeHu)
  5912 | D:8      | Found a runed gate.
  5912 | D:8      | Found a runed gate.
  5912 | D:8      | Found a runed gate.
  5912 | D:8      | Noticed a nine-headed hydra
  5923 | D:8      | Reached * piety under Jiyva
  5966 | D:8      | Found a white marble altar of Elyvilon.
  5993 | D:8      | Found Huibrop's Jewellery Shop.
  6014 | D:8      | Noticed a two-headed ogre
  6022 | D:8      | Killed a two-headed ogre
  6061 | D:8      | Found a stormy altar of Qazlal.
  6065 | D:8      | Found a burning altar of Makhleb.
  6066 | D:8      | Found a sparkling altar of Nemelex Xobeh.
  6225 | D:9      | Found Safur's Book Emporium.
  6252 | D:9      | Reached XP level 10. HP: 78/78 MP: 9/9
  6257 | D:9      | Found a glowing golden altar of the Shining One.
  6401 | D:9      | Found an iron altar of Okawaru.
  6429 | D:9      | Found a shimmering altar of Xom.
  6527 | D:9      | Reached ** piety under Jiyva
  6596 | D:9      | Found Ockicus's General Store.
  6618 | D:9      | Found Zaebrosaz's Antique Armour Shoppe.
  6621 | D:9      | Bought a scroll of fog for 20 gold pieces
  6621 | D:9      | Bought a scroll of remove curse for 30 gold pieces
  6632 | D:9      | Found Noadd's Antique Weapon Boutique.
  6713 | D:9      | Found a snail-covered altar of Cheibriados.
  6769 | D:9      | Found a hide-covered altar of Uskayaw.
  6773 | D:9      | Found Adyfrach's General Store.
  6775 | D:9      | Noticed a two-headed ogre
  6783 | D:9      | Killed a two-headed ogre
  6783 | D:9      | Reached skill level 10 in Dodging
  6788 | D:9      | Bought a potion of berserk rage for 80 gold pieces
  6788 | D:9      | Bought a scroll of vulnerability for 120 gold pieces
  6788 | D:9      | Bought a potion of curing for 48 gold pieces
  6788 | D:9      | Bought a scroll of enchant weapon for 120 gold pieces
  6941 | D:10     | Entered Level 10 of the Dungeon
  7030 | D:10     | Found a staircase to the Orcish Mines.
  7050 | D:10     | Reached *** piety under Jiyva
  7315 | D:10     | Noticed a two-headed ogre
  7323 | D:10     | Killed a two-headed ogre
  7353 | D:10     | Reached XP level 11. HP: 84/84 MP: 10/10
  7611 | D:11     | Killed from afar by a gargoyle

Skill      XL: |  1  2  3  4  5  6  7  8  9 10 11 |
---------------+----------------------------------+-----
Long Blades    | 3 4 5 7 10 12 14 | 14.0
Fighting       | 4 |  4.0
Armour         | 4 5 6 7 |  7.0
Shields        | 4 |  4.0
Dodging        | 6 11 | 11.9

Action                   |  1- 3 |  4- 6 |  7- 9 | 10-12 || total
-------------------------+-------+-------+-------+-------++-------
Melee: Long sword        |   121 |   130 |   353 |   202 ||   806
       Headbutt          |    18 |    23 |    59 |    41 ||   141
  Use: Scroll            |     1 |       |    13 |     3 ||    17
       Potion            |       |       |     1 |       ||     1
  Eat: Chunk             |     2 |     5 |    10 |     3 ||    20
Armor: Scale mail        |    43 |       |       |       ||    43
       Plate armour      |    37 |    92 |   189 |   124 ||   442
       Skin              |       |       |    50 |       ||    50
Dodge: Dodged            |    38 |    26 |    36 |    65 ||   165
Block: Shield            |    74 |    70 |   155 |    91 ||   390
       Rpst.: Long sword |     7 |     5 |     8 |    20 ||    40
